 Dungeon Crawl Stone Soup version 0.30-a0-782-ge64f9170bb (webtiles) character file.

Game seed: 911075928656529574

2051 Crownlay the Frost Mage (level 9, -4/65 HPs)
             Began as a Gnoll Ice Elementalist on Feb 27, 2023.
             Was a Follower of Uskayaw.
             Slain by a vampire
             ... wielding a +2 vampiric halberd
              (13 damage)
             ... in a bailey.
             The game lasted 00:15:51 (7116 turns).

Crownlay the Frost Mage (Gnoll Ice Elementalist)    Turns: 7116, Time: 00:15:52

Health: -4/65      AC:  8    Str:  8    XL:     9   Next: 25%
Magic:  5/18       EV: 19    Int: 18    God:    Uskayaw [*.....]
Gold:   135        SH: 10    Dex: 13    Spells: 10/21 levels left

rFire   . . .      SeeInvis .    m - +2 dagger (holy)
rCold   . . .      Faith    .    z - +0 buckler
rNeg    . . .      Spirit   .    s - +2 animal skin
rPois   .          Reflect  +    r - +0 helmet
rElec   .          Harm     .    y - +2 cloak {Stlth+}
rCorr   .          Rampage  .    (no gloves)
Will    .....                    (no boots)
Stlth   ++++                     I - amulet of reflection
HPRegen 0.30/turn                w - +5 ring of evasion
MPRegen 0.16/turn                (no ring)

@: freezing walls
A: fangs 1, strong nose, distributed training
a: Renounce Religion, Stomp


You were in a bailey.
You worshipped Uskayaw.
Uskayaw was noncommittal.
You visited 2 branches of the dungeon, and saw 8 of its levels.
You also visited: Bailey.

You collected 225 gold pieces.
You spent 90 gold pieces at shops.

Inventory:

Hand Weapons
 m - a +2 dagger of holy wrath (weapon)
 H - a +3 war axe
Armour
 r - a +0 helmet (worn)
 s - a +2 animal skin (worn)
 y - a +2 cloak of stealth (worn)
 z - a +0 buckler (worn)
Jewellery
 w - a +5 ring of evasion (left hand)
 I - an amulet of reflection (around neck)
Wands
 t - a wand of charming (27)
Scrolls
 k - a scroll of silence {unknown}
 o - 4 scrolls of teleportation
 p - a scroll of vulnerability {unknown}
 q - 3 scrolls of amnesia
 u - 2 scrolls of blinking
 A - 2 scrolls of fear
 B - 4 scrolls of enchant armour
 C - a scroll of fog
 D - 2 scrolls of noise
 E - a scroll of enchant weapon {unknown}
 F - a scroll of poison {unknown}
Potions
 a - 2 potions of flight
 b - 2 potions of magic
 d - a potion of degeneration {unknown}
 e - 4 potions of mutation
 f - a potion of brilliance {unknown}
 g - 2 potions of lignification
 h - a potion of curing
 i - a potion of haste {unknown}
 j - a potion of invisibility {unknown}
 l - 2 potions of might {unknown}
 v - a potion of attraction {unknown}
 x - a potion of resistance {unknown}
 G - a potion of ambrosia {unknown}


   Skills:
 + Level 4.2 Fighting
 + Level 4.2 Short Blades
 + Level 4.2 Long Blades
 + Level 4.2 Axes
 + Level 4.2 Maces & Flails
 + Level 4.2 Polearms
 + Level 4.2 Staves
 + Level 4.2 Ranged Weapons
 + Level 4.2 Throwing
 + Level 4.2 Armour
 + Level 6.3 Dodging
 + Level 6.0 Stealth
 + Level 4.2 Shields
 + Level 4.2 Unarmed Combat
 + Level 6.6 Spellcasting
 + Level 3.4 Conjurations
 + Level 3.4 Hexes
 + Level 3.4 Summonings
 + Level 3.4 Necromancy
 + Level 3.4 Translocations
 + Level 3.4 Transmutations
 + Level 3.4 Fire Magic
 + Level 8.0 Ice Magic
 + Level 3.4 Air Magic
 + Level 3.4 Earth Magic
 + Level 3.4 Poison Magic
 + Level 4.6 Invocations
 + Level 4.2 Evocations


You had 10 spell levels left.
You knew the following spells:

 Your Spells              Type           Power      Damage    Failure   Level
a - Freeze                Ice            100%       1d10      1%          1
b - Frozen Ramparts       Ice            68%        1d11      1%          3
c - Ozocubu's Armour      Ice            34%        N/A       1%          3
d - Summon Ice Beast      Ice/Summ       26%        N/A       14%         4

Your spell library contained the following spells:

 Spells                   Type           Power      Damage    Failure   Level
 Foxfire                  Conj/Fire      72%        2x1d7     3%          1
 Sublimation of Blood     Necr           18%        N/A       5%          2
 Portal Projectile        Hex/Tloc       36%        N/A       11%         3
 Tukima's Dance           Hex            18%        N/A       11%         3
 Petrify                  Tmut/Erth      18%        N/A       34%         4
 Blade Hands              Tmut           9%         N/A       67%         5
 Fireball                 Conj/Fire      9%         3d6       67%         5
 Irradiate                Conj/Tmut      9%         3d14      67%         5
 Starburst                Conj/Fire      9%         6d5       99%         6


Dungeon Overview and Level Annotations

Branches:
Dungeon (7/15)             Temple (1/1) D:5          Bailey (1/1)

Altars:
Cheibriados
Dithmenos
Elyvilon
Nemelex Xobeh
Okawaru
Sif Muna
Uskayaw
Vehumet
Zin
The Shining One

Shops:
D:2 !   D:5 (


Innate Abilities, Weirdness & Mutations

You have very sharp teeth.
Your uncanny sense of smell can sniff out nearby items.
Your experience applies equally to all skills.


Message History

You barely miss something.
The wall freezes something but does no damage.
Something hits you.
* * * LOW HITPOINT WARNING * * *
Something bites you.
* * * LOW HITPOINT WARNING * * *
Something draws strength from your injuries!
You hit something but do no damage. Your bite misses something.
You closely miss something.
The wall freezes something but does no damage.
Something barely misses you. x2
You hit something but do no damage.
The wall freezes something but does no damage.
Something hits you!
* * * LOW HITPOINT WARNING * * *
You block something's attack.
You feel much better.
Your icy armour evaporates.
The wall freezes something but does no damage.
Something hits you!
* * * LOW HITPOINT WARNING * * *
You block something's attack.
You feel better.
The wall freezes something.
Something closely misses you. Something bites you.
* * * LOW HITPOINT WARNING * * *
Something draws strength from your injuries!
There are friendlies around, are you sure you want to hurt them?
You stomp with the beat, sending a shockwave through the revellers around you!
Your ice beast is heavily wounded.
You can no longer pass through a line of other dancers.
Your ice beast disappears in a puff of smoke!
The wall freezes something but does no damage.
Something barely misses you. Something bites you!
* * * LOW HITPOINT WARNING * * *
Something draws strength from your injuries!
You can now pass through a line of other dancers.
You stomp with the beat, sending a shockwave through the revellers around you!
You can no longer pass through a line of other dancers.
The wall freezes something.
Something hits you!
You die...

#### .÷.# ##### ...#
######...8##
...#####8.##.....[##
####..)#..#...# [.#
.......#..'..# .!#
.♣.....#..'..####{!#
♣......#..#...##@!8#
..♣....#..##.....:##
.......#...##...8##
......##)...######
.....##..)...8#
....##...##...#
.....#....##..#
....)##....#..#
......##...#..#


There were no monsters in sight!

Vanquished Creatures
  A gargoyle (Bailey)
  A water moccasin (D:6)
  An ice beast (D:5)
  A black bear (D:5)
  A bullfrog (D:7)
  A necrophage (D:5)
  3 wights (D:6)
  8 vampire bats (Bailey)
  4 wolf zombies (Bailey)
  3 hounds (D:6)
  A jelly (D:5)
  A gnoll bouda (D:5)
  An orc priest (D:7)
  Natasha (thrice) (D:4)
  Crazy Yiuf (D:3)
  An iguana (D:5)
  5 orc wizards
  Robin (D:2)
  7 gnolls (D:5)
  3 adders (D:2)
  2 ufetubi
  3 worms (D:3)
  13 orcs
  6 bats
  8 endoplasms
  A giant cockroach (D:4)
  11 hobgoblins
  6 jackals
  4 quokkas
  6 ball pythons
  3 frilled lizards
  12 goblins
  9 kobolds
  17 orc zombies (Bailey)
  4 rats
153 creatures vanquished.

Notes
Turn   | Place    | Note
-------+----------+-------------------------------------------
     0 | D:1      | Crownlay the Gnoll Ice Elementalist began the quest for the
                  | Orb.
     0 | D:1      | Reached XP level 1. HP: 13/13 MP: 6/6
   132 | D:1      | Found a faded altar of an unknown god.
   329 | D:1      | Reached XP level 2. HP: 19/19 MP: 5/7
  1071 | D:2      | Reached skill level 5 in Spellcasting
  1071 | D:2      | Reached XP level 3. HP: 25/25 MP: 5/9
  1075 | D:2      | Learned a level 3 spell: Frozen Ramparts
  1079 | D:2      | Learned a level 3 spell: Ozocubu's Armour
  1144 | D:2      | Reached skill level 1 in Invocations
  1234 | D:2      | Reached skill level 1 in Fighting
  1234 | D:2      | Reached skill level 1 in Short Blades
  1234 | D:2      | Reached skill level 1 in Long Blades
  1234 | D:2      | Reached skill level 1 in Axes
  1234 | D:2      | Reached skill level 1 in Maces & Flails
  1234 | D:2      | Reached skill level 1 in Polearms
  1234 | D:2      | Reached skill level 1 in Staves
  1234 | D:2      | Reached skill level 1 in Ranged Weapons
  1234 | D:2      | Reached skill level 1 in Throwing
  1234 | D:2      | Reached skill level 1 in Armour
  1234 | D:2      | Reached skill level 1 in Shields
  1234 | D:2      | Reached skill level 1 in Unarmed Combat
  1234 | D:2      | Reached skill level 1 in Evocations
  1402 | D:2      | Reached XP level 4. HP: 32/32 MP: 9/11
  1515 | D:2      | Noticed Robin
  1538 | D:2      | Killed Robin
  1539 | D:2      | Reached skill level 1 in Conjurations
  1539 | D:2      | Reached skill level 1 in Hexes
  1539 | D:2      | Reached skill level 1 in Summonings
  1539 | D:2      | Reached skill level 1 in Necromancy
  1539 | D:2      | Reached skill level 1 in Translocations
  1539 | D:2      | Reached skill level 1 in Transmutations
  1539 | D:2      | Reached skill level 1 in Fire Magic
  1539 | D:2      | Reached skill level 1 in Air Magic
  1539 | D:2      | Reached skill level 1 in Earth Magic
  1539 | D:2      | Reached skill level 1 in Poison Magic
  1646 | D:2      | You fall into a shaft and drop 1 floor!
  1646 | D:3      | Found a white marble altar of Elyvilon.
  1711 | D:2      | Found Xiuv's Distillery.
  1751 | D:2      | Bought a potion of flight for 30 gold pieces
  1751 | D:2      | Bought a potion of lignification for 30 gold pieces
  1751 | D:2      | Bought a potion of curing for 30 gold pieces
  2241 | D:3      | Reached XP level 5. HP: 31/37 MP: 7/12
  2459 | D:3      | Found a runed translucent door.
  2460 | D:3      | Noticed Crazy Yiuf
  2467 | D:3      | Killed Crazy Yiuf
  2591 | D:4      | Noticed Natasha
  2599 | D:4      | Killed Natasha
  2849 | D:4      | Identified the +2 sling "Affuti" {flame, Str+4 Int+3}
  3057 | D:4      | Noticed Natasha
  3064 | D:4      | Killed Natasha
  3065 | D:4      | Reached XP level 6. HP: 28/44 MP: 7/14
  3417 | D:4      | Noticed Natasha
  3429 | D:4      | Killed Natasha
  3430 | D:4      | Reached skill level 5 in Dodging
  3518 | D:5      | Entered Level 5 of the Dungeon
  3623 | D:5      | Noticed an ice beast
  4043 | D:5      | Found a staircase to the Ecumenical Temple.
  4097 | D:5      | Killed an ice beast
  4098 | D:5      | Reached XP level 7. HP: 22/51 MP: 12/15
  4277 | D:5      | Found Daptaoqe's Antique Weapon Emporium.
  4405 | D:5      | Reached skill level 5 in Stealth
  4870 | Temple   | Entered the Ecumenical Temple
  4947 | Temple   | Became a worshipper of Uskayaw the Reveller
  5128 | D:6      | Reached * piety under Uskayaw
  5131 | D:6      | Reached ** piety under Uskayaw
  5231 | D:6      | Reached *** piety under Uskayaw
  5233 | D:6      | Reached **** piety under Uskayaw
  5234 | D:6      | Reached XP level 8. HP: 52/58 MP: 9/16
  6302 | D:7      | Reached ***** piety under Uskayaw
  6428 | D:7      | Found a flagged portal.
  6437 | Bailey   | Entered a bailey
  6794 | Bailey   | Reached XP level 9. HP: 59/65 MP: 11/18
  6872 | Bailey   | Noticed a gargoyle
  6909 | Bailey   | Learned a level 4 spell: Summon Ice Beast
  6940 | Bailey   | Killed a gargoyle
  6941 | Bailey   | Reached skill level 8 in Ice Magic
  7116 | Bailey   | Slain by a vampire

Illustrated notes

Levels and vault maps discovered:
D:1:      dpeg_arrival_radiant, layout_loops_corners,
          dreamdust_ecumenical_altar_statues, st_stairs_9,
          hangedman_decor_growths
D:2:      layout_rooms, serial_shops, shop, uniq_robin
D:3:      kennysheep_big_flooded_room, layout_basic, mainiacjoe_overflow_paths,
          uniq_crazy_yiuf_cottage
D:4:      layout_rooms, uniq_natasha
D:5:      layout_basic, minmay_temple_entry_purple_smoke, serial_shops, shop
D:6:      layout_basic
D:7:      layout_loops_ring, grunt_temple_overflow_champion_of_chaos,
          enter_bailey_8, kennysheep_generic_room_8
Temple:   dpeg_five_rooms_temple
Bailey:   bailey_polearm_vampire_castle_hellmonk, bailey

Skill      XL: |  1  2  3  4  5  6  7  8  9 |
---------------+----------------------------+-----
Spellcasting   | 5 6 |  6.6
Invocations    | 1 2 3 4 |  4.6
Fighting       | 1 2 3 4 |  4.2
Short Blades   | 1 2 3 4 |  4.2
Long Blades    | 1 2 3 4 |  4.2
Axes           | 1 2 3 4 |  4.2
Maces & Flails | 1 2 3 4 |  4.2
Polearms       | 1 2 3 4 |  4.2
Staves         | 1 2 3 4 |  4.2
Ranged Weapons | 1 2 3 4 |  4.2
Throwing       | 1 2 3 4 |  4.2
Armour         | 1 2 3 4 |  4.2
Shields        | 1 2 3 4 |  4.2
Unarmed Combat | 1 2 3 4 |  4.2
Evocations     | 1 2 3 4 |  4.2
Conjurations   | 1 2 3 |  3.4
Hexes          | 1 2 3 |  3.4
Summonings     | 1 2 3 |  3.4
Necromancy     | 1 2 3 |  3.4
Translocations | 1 2 3 |  3.4
Transmutations | 1 2 3 |  3.4
Fire Magic     | 1 2 3 |  3.4
Air Magic      | 1 2 3 |  3.4
Earth Magic    | 1 2 3 |  3.4
Poison Magic   | 1 2 3 |  3.4
Dodging        | 5 6 |  6.3
Stealth        | 5 6 |  6.0
Ice Magic      | 8 |  8.0

Action                     |  1- 3 |  4- 6 |  7- 9 || total
---------------------------+-------+-------+-------++-------
  Melee: Unarmed           |     7 |       |       ||     7
         Dagger            |     4 |    12 |   193 ||   209
         Whip              |       |    33 |    75 ||   108
         Punch             |       |     1 |       ||     1
         Bite              |       |     2 |    35 ||    37
   Cast: Freeze            |    30 |    50 |     6 ||    86
         Frozen Ramparts   |     4 |    12 |    21 ||    37
         Ozocubu's Armour  |       |     7 |    10 ||    17
         Summon Ice Beast  |       |       |     3 ||     3
 Invoke: Stomp             |       |       |     3 ||     3
    Use: Scroll            |       |     3 |     6 ||     9
         Potion            |       |       |     7 ||     7
   Stab: Sleeping          |       |     1 |     4 ||     5
         Paralysed         |       |       |     6 ||     6
         Distracted        |       |       |     1 ||     1
 Armour: Robe              |     3 |     4 |       ||     7
         Animal skin       |       |    25 |    56 ||    81
  Dodge: Dodged            |    19 |    55 |   180 ||   254
  Block: Buckler           |       |       |    93 ||    93

Table legend: (Time is in decaauts)
 A = Elapsed time spent in this place.
 B = Non-inter-level travel time spent in this place.
 C = Inter-level travel time spent in this place.
 D = Time resting spent in this place.
 E = Time spent auto-exploring this place.
 F = Levels seen in this place.
 G = Mean time per level.
                   A        B        C        D        E       F      G
               +--------+--------+--------+--------+--------+-----+--------+
         Total |   7083 |   6588 |    495 |    144 |   5221 |   9 |  787.0 |
       Dungeon |   6299 |   5855 |    444 |      0 |   4946 |   7 |  899.9 |
        Temple |    129 |     78 |     51 |      0 |     66 |   1 |  129.0 |
        Bailey |    654 |    654 |      0 |    144 |    209 |   1 |  654.0 |
               +--------+--------+--------+--------+--------+-----+--------+

Top non-repeatable levels by time:
     D:5: 1547 daAuts
     D:6: 1084 daAuts
     D:1: 1068 daAuts
     D:4: 976 daAuts
     D:3: 759 daAuts
     D:2: 712 daAuts
  Bailey: 654 daAuts
     D:7: 152 daAuts
  Temple: 129 daAuts
